 Dungeon Crawl Stone Soup version 0.28-a0-1524-ge72afd5fc6 (webtiles) character file.

Game seed: 5590828383227002129

15498 knot the Cleaver (level 12, -1/121 HPs)
             Began as a Demonspawn Berserker on Jan 18, 2022.
             Was a Priest of Trog.
             Succumbed to a black mamba's poison
             ... on level 2 of the Lair of Beasts.
             The game lasted 00:28:23 (17029 turns).

knot the Cleaver (Demonspawn Berserker)            Turns: 17029, Time: 00:28:24

Health: -1/121     AC: 11    Str: 17 (19) XL:     12   Next: 1%
Magic:  12/12      EV: 16    Int: 15      God:    Trog [***...]
Gold:   512        SH:  0    Dex: 10 (12) Spells: 11/11 levels left

rFire   + . .      SeeInvis .   o - +0 war axe
rCold   + + .      Faith    +   (no shield)
rNeg    . . .      Spirit   .   r - +1 ring mail {rPois}
rPois   +          Reflect  .   D - +0 helmet
rElec   +          Harm     .   J - +2 cloak
rCorr   +          Rampage  .   (no gloves)
Will    .....                   G - +0 pair of boots
Stlth   ..........              d - amulet of faith
HPRegen 0.30/turn               B - ring "Oxenik" {rElec rC+ Int+2}
MPRegen 0.26/turn               q - +4 ring of evasion

@: berserking (expiring), lethally poisoned (-1 -> -14), resistant, very quick
A: magic regeneration, sturdy frame 3, weakness stinger 2
a: Renounce Religion, Berserk, Trog's Hand


You were on level 2 of the Lair of Beasts.
You worshipped Trog.
Trog was most pleased with you.
You visited 3 branches of the dungeon, and saw 13 of its levels.

You collected 666 gold pieces.
You spent 154 gold pieces at shops.

Inventory:

Hand Weapons
 a - a +0 hand axe
 m - a +2 whip of electrocution
 o - a +0 war axe (weapon)
 Q - a +3 scimitar of flaming
Missiles
 f - 217 stones
 n - 3 javelins
 v - 59 sling bullets
 y - 2 boomerangs (quivered)
 I - 2 boomerangs of dispersal
 K - 17 poisoned darts
 R - 2 curare-tipped darts
Armour
 b - a +0 leather armour of fire resistance
 r - a +1 ring mail of poison resistance (worn)
 w - +0 acid dragon scales
 D - a +0 helmet (worn)
 G - a +0 pair of boots (worn)
 J - a +2 cloak (worn)
Jewellery
 c - an amulet of magic regeneration
 d - an amulet of faith (around neck)
 g - an amulet of regeneration
 i - a ring of magical power
 q - a +4 ring of evasion (right hand)
 u - a ring of ice
 z - a ring of fire
 B - the ring "Oxenik" (left hand) {rElec rC+ Int+2}
   (You found it on level 7 of the Dungeon)

   [ring of protection from cold]

   Int:       It affects your intelligence (+2).
   rC:        It protects you from cold.
   rElec:     It insulates you from electricity.
Wands
 C - a wand of flame (20)
 H - a wand of paralysis (3)
Scrolls
 e - 3 scrolls of identify
 j - a scroll of brand weapon
 k - 5 scrolls of torment
 l - 2 scrolls of immolation
 s - 2 scrolls of fog
 A - a scroll of magic mapping
 E - 2 scrolls of blinking
 M - a scroll of silence
 O - a scroll of enchant armour
 P - a scroll of teleportation
Potions
 h - a potion of curing
 t - a potion of invisibility
 x - 2 potions of attraction
 F - a potion of flight
 L - a potion of mutation
 N - 3 potions of lignification


   Skills:
 - Level 3.0 Fighting
 * Level 13.6 Axes
 * Level 12.1 Throwing
 - Level 1.7 Armour
 - Level 1.7 Dodging


You had 11 spell levels left.
You didn't know any spells.
Your spell library contained the following spells:

 Spells                   Type           Power      Damage    Failure   Level
 Apportation              Tloc           0%         N/A       26%         1
 Corpse Rot               Necr/Air       0%         N/A       38%         2
 Poisonous Vapours        Pois/Air       0%         N/A       38%         2
 Alistair's Intoxication  Tmut/Pois      0%         N/A       100%        5


Dungeon Overview and Level Annotations

Branches:
Dungeon (10/15)            Temple (1/1) D:5            Lair (2/6) D:10
  Swamp: Lair:2-4    Shoals: Lair:2-4     Snake: Lair:2-4    Spider: Lair:2-4
    Orc: D:9-12

Altars:
Ashenzari
Cheibriados
Dithmenos
Elyvilon
Fedhas
Gozag
Hepliaklqana
Kikubaaqudgha
Makhleb
Nemelex Xobeh
Okawaru
Qazlal
Ru
Sif Muna
Trog
Uskayaw
Vehumet
Wu Jian
Xom
Yredelemnul
Zin
The Shining One
Jiyva

Shops:
D:1 *   D:9 *   D:10 *

Portals:
Trove: D:10 (give +2 gold dragon scales)

Annotations:
D:10 2 transporters


Innate Abilities, Weirdness & Mutations

You regenerate magic rapidly.
Your movements are significantly less encumbered by armour. (ER -6)
You have a tail ending in a sharp stinger.


Message History

The black mamba is almost dead.
You hit the water moccasin.
You kill the water moccasin!
Trog accepts your kill.
You closely miss the water moccasin.
* * * LOW HITPOINT WARNING * * *
You feel very sick. The black mamba bites you.
* * * LOW HITPOINT WARNING * * *
The water moccasin misses you.
You hit the black mamba.
You kill the black mamba!
Trog accepts your kill.
You miss the water moccasin.
* * * LOW HITPOINT WARNING * * *
You feel very sick.
You feel your dexterity returning.
You have reached level 12!
You feel stronger.
You slash the water moccasin!
The water moccasin is almost dead.
* * * LOW HITPOINT WARNING * * *
You feel very sick.
A nearby plant withers and dies.
The water moccasin barely misses you.
You miss the water moccasin.
The water moccasin is almost dead.
* * * LOW HITPOINT WARNING * * *
You feel sick.
The water moccasin completely misses you.
You slice the water moccasin!!
You kill the water moccasin!
Trog accepts your kill.
* * * LOW HITPOINT WARNING * * *
You feel very sick.
You are too berserk!
Okay, then.
* * * LOW HITPOINT WARNING * * *
You feel sick.
You feel a strong urge to attack something.
You die...

#..P ##.. ##...##
#.#...###### ...#
##.#...#...# ...#
#..........###
...###.........##.####.#
...##..........#...P....
...#............@.......
...+...........#.....#.P
..<##P.........##.####
...............# ##
...###..##.####.# .P##
##.###### ##
.#####...###.#
....####.....###
....####.##....##


There were no monsters in sight!

Vanquished Creatures
  Josephine (D:10)
  A fire dragon (D:9)
  A hydra (Lair:1)
  Erica (D:10)
  3 two-headed ogres
  Pikel (D:6)
  A black mamba (Lair:2)
  A gargoyle (D:9)
  2 cane toads (Lair:1)
  An unseen horror (D:10)
  A troll (D:10)
  3 komodo dragons
  A slime creature (D:9)
  A shadow (D:10)
  Sigmund (D:4)
  5 wyverns
  5 wraiths (D:10)
  A basilisk (Lair:1)
  5 yaks
  Eustachio (D:4)
  3 steam dragons
  10 water moccasins
  An acid dragon (D:10)
  2 black bears
  An orc warrior (D:9)
  A sky beast (D:6)
  An ice beast (D:6)
  2 necrophages
  2 centaurs
  An ogre (D:5)
  A phantom (D:5)
  2 kobold brigands (D:10)
  6 bullfrogs
  3 scorpions
  A wyvern zombie (D:8)
  8 killer bees
  A water moccasin skeleton (D:7)
  3 wights (D:7)
  A howler monkey (D:9)
  A jelly (D:5)
  5 centaur zombies
  7 orc priests
  A bullfrog zombie (D:5)
  2 hounds
  2 gnoll shamans
  4 centaur skeletons
  3 iguanas
  10 orc wizards
  A killer bee zombie (D:6)
  2 howler monkey zombies
  10 gnolls
  A howler monkey skeleton (D:4)
  3 adders (D:6)
  4 white imps
  An ufetubus (D:5)
  An adder skeleton (D:4)
  3 dart slugs (D:1)
  39 orcs
  6 ball pythons
  3 endoplasms
  2 giant cockroaches
  2 goblins
  7 hobgoblins
  16 kobolds
  3 quokkas
  3 bats
  3 frilled lizards
  4 rats
236 creatures vanquished.

Vanquished Creatures (others)
  A water moccasin (D:7)
  2 bushes (D:10)
  6 fungi (D:10)
  25 plants
34 creatures vanquished.

Grand Total: 270 creatures vanquished

Notes
Turn   | Place    | Note
-------+----------+-------------------------------------------
     0 | D:1      | knot the Demonspawn Berserker began the quest for the Orb.
     0 | D:1      | Reached XP level 1. HP: 18/18 MP: 1/1
   127 | D:1      | Reached skill level 3 in Axes
   487 | D:1      | Gained mutation: Your movements are slightly less
                  | encumbered by armour. (ER -2) [demonic ancestry]
   487 | D:1      | Reached XP level 2. HP: 19/24 MP: 2/2
   548 | D:1      | Found Wubb's Assorted Antiques.
   754 | D:1      | Found a faded altar of an unknown god.
  2125 | D:2      | Reached XP level 3. HP: 29/29 MP: 3/3
  2378 | D:2      | Reached ** piety under Trog
  2379 | D:2      | Reached skill level 4 in Axes
  3413 | D:4      | Noticed a bullfrog
  3419 | D:4      | Killed a bullfrog
  3420 | D:4      | Reached skill level 5 in Axes
  3420 | D:4      | Gained mutation: Your movements are less encumbered by
                  | armour. (ER -4) [demonic ancestry]
  3420 | D:4      | Reached XP level 4. HP: 29/35 MP: 4/4
  3790 | D:4      | Reached XP level 5. HP: 25/41 MP: 5/5
  3961 | D:4      | Noticed Eustachio
  3968 | D:4      | Killed Eustachio
  3969 | D:4      | Reached skill level 6 in Axes
  3969 | D:4      | Gained mutation: You have a small tail. [demonic ancestry]
  3969 | D:4      | Reached XP level 6. HP: 47/47 MP: 6/6
  4040 | D:4      | Noticed Sigmund
  4051 | D:4      | Killed Sigmund
  4052 | D:4      | Reached skill level 1 in Throwing
  4641 | D:4      | Reached XP level 7. HP: 52/52 MP: 7/7
  4781 | D:4      | Reached skill level 7 in Axes
  5114 | D:1      | Bought a runed ring mail for 154 gold pieces
  5305 | D:5      | Entered Level 5 of the Dungeon
  5361 | D:5      | Found a staircase to the Ecumenical Temple.
  5396 | Temple   | Entered the Ecumenical Temple
  5761 | D:5      | Reached *** piety under Trog
  5996 | D:5      | Reached XP level 8. HP: 43/58 MP: 8/8
  6195 | D:5      | Reached skill level 8 in Axes
  6831 | D:6      | Reached skill level 5 in Throwing
  6983 | D:6      | Found a hazy altar of Hepliaklqana.
  7090 | D:6      | Identified the +1 scale mail of Detawn {Str-4 Int+7 Stlth+}
  7187 | D:6      | Found a broken altar of Ashenzari.
  7547 | D:6      | Reached skill level 9 in Axes
  7768 | D:6      | Noticed Pikel
  7779 | D:6      | Killed Pikel
  7780 | D:6      | Gained mutation: You have a tail ending in a sharp stinger.
                  | [demonic ancestry]
  7780 | D:6      | Reached XP level 9. HP: 63/63 MP: 9/9
  7786 | D:6      | Reached **** piety under Trog
  8289 | D:7      | Identified the ring "Oxenik" {rElec rC+ Int+2}
  8870 | D:7      | Reached skill level 10 in Axes
  9735 | D:7      | You fall into a shaft and drop 2 floors!
  9779 | D:8      | Found a burning altar of Makhleb.
  9779 | D:8      | Found a shimmering blue altar of Sif Muna.
  9779 | D:8      | Found a bloodstained altar of Trog.
  9779 | D:8      | Found a stormy altar of Qazlal.
  9847 | D:9      | Noticed a fire dragon
  9956 | D:9      | Noticed a two-headed ogre
  9963 | D:9      | Killed a two-headed ogre
  9964 | D:9      | Gained mutation: You regenerate magic rapidly. [demonic
                  | ancestry]
  9964 | D:9      | Reached XP level 10. HP: 36/70 MP: 10/10
 11696 | D:9      | Noticed a two-headed ogre
 11705 | D:9      | Killed a two-headed ogre
 11706 | D:9      | Reached skill level 11 in Axes
 12236 | D:9      | Found Laillenn's General Store.
 12604 | D:9      | Killed a fire dragon
 12855 | D:10     | Entered Level 10 of the Dungeon
 12856 | D:10     | Found Gepuplot's Assorted Antiques.
 12861 | D:10     | Noticed Erica
 12869 | D:9      | Noticed a gargoyle
 13125 | D:9      | Killed a gargoyle
 13126 | D:9      | Reached skill level 10 in Throwing
 13192 | D:10     | Killed Erica
 13193 | D:10     | Reached skill level 12 in Axes
 13340 | D:10     | Noticed a two-headed ogre
 13378 | D:10     | Killed a two-headed ogre
 13379 | D:10     | Gained mutation: Your movements are significantly less
                  | encumbered by armour. (ER -6) [demonic ancestry]
 13379 | D:10     | Reached XP level 11. HP: 75/75 MP: 11/11
 13444 | D:10     | Found a hide-covered altar of Uskayaw.
 13471 | D:10     | Noticed Josephine
 13628 | D:10     | Killed Josephine
 14006 | D:10     | Found a portal to a secret trove of treasure.
 14290 | D:10     | Found a staircase to the Lair.
 14372 | D:10     | HP: 5/112 [something (5)]
 14736 | D:10     | Found a transporter.
 14741 | D:10     | Found a transporter.
 14743 | D:10     | Found a viscous altar of Jiyva.
 14743 | D:10     | Noticed a glowing orange brain
 14768 | D:10     | Reached skill level 13 in Axes
 15315 | Lair:1   | Entered Level 1 of the Lair of Beasts
 16298 | Lair:1   | Noticed a six-headed hydra
 16306 | Lair:1   | Killed a three-headed hydra
 17025 | Lair:2   | Reached XP level 12. HP: 10/81 MP: 12/12
 17026 | Lair:2   | HP: 6/121 [poisoned by a black mamba]
 17028 | Lair:2   | HP: 1/121 [poisoned by a black mamba]
 17029 | Lair:2   | Succumbed to a black mamba's poison

Illustrated notes

Levels and vault maps discovered:
D:1:      roderic_octagonal_star, layout_loops_corners, serial_shops,
          shop_coins, shapermc_ecumenical_altar_starsandcircs,
          kennysheep_another_room
D:2:      layout_basic
D:3:      layout_loops_ring, minmay_large_rounded_square
D:4:      layout_basic, uniq_eustachio, uniq_sigmund
D:5:      layout_gridville, minmay_temple_entry_statues_fountains
D:6:      kb_forest_paths, layout_basic, tso_metal_star,
          worldfamousw_hep_ancestral_shrine, mainiacjoe_overflow_alcove_1,
          uniq_pikel
D:7:      layout_cave_pools
D:8:      layout_gridville, nicolae_overflow_hidden_temple
D:9:      minmay_distorted_concentric_squares, layout_basic, serial_shops,
          nicolae_lakefront_shop
D:10:     gammafunk_jiyva_shrine, layout_gridville, nicolae_uskayaw_dance_hall,
          minmay_lair_entry_grove, enter_trove_0, serial_shops, shop,
          uniq_josephine, uniq_erica
Temple:   nicolae_temple_great_sept
Lair:1:   layout_chaotic_city
Lair:2:   layout_roguey, minmay_snake_entry_six_corridors, minmay_hedge_maze,
          serial_bayou_shore_b, infiniplex_staircase_pool_2

Skill      XL: |  1  2  3  4  5  6  7  8  9 10 11 |
---------------+----------------------------------+-----
Axes           | 3 5 6 7 9 10 12 13 | 13.6
Throwing       | 2 4 6 8 10 12 | 12.1
Fighting       | |  3.0
Armour         | |  1.7
Dodging        | |  1.7

Action                   |  1- 3 |  4- 6 |  7- 9 | 10-12 || total
-------------------------+-------+-------+-------+-------++-------
Melee: Hand axe          |   103 |       |       |       ||   103
       Whip              |    28 |    66 |   240 |       ||   334
       Tailslap          |       |     2 |    45 |    50 ||    97
       Punch             |       |     1 |     4 |     6 ||    11
       War axe           |       |       |    69 |   352 ||   421
       Scimitar          |       |       |       |     8 ||     8
Throw: Stone             |       |     3 |       |       ||     3
       Boomerang         |       |       |    16 |   104 ||   120
       Dart              |       |       |       |    10 ||    10
Invok: Berserk           |     2 |     2 |    10 |    20 ||    34
       Trog's Hand       |     1 |     1 |     1 |     7 ||    10
       Brothers in Arms  |       |       |       |     1 ||     1
Evoke: Wand              |       |       |       |     8 ||     8
  Use: Potion            |       |       |     3 |     9 ||    12
       Scroll            |       |       |     4 |    14 ||    18
 Stab: Sleeping          |     2 |       |     2 |       ||     4
       Distracted        |     1 |       |       |       ||     1
       Paralysed         |       |       |       |     5 ||     5
Armor: Animal skin       |    25 |     5 |       |       ||    30
       Ring mail         |       |       |    87 |   119 ||   206
       Leather armour    |       |       |       |     3 ||     3
Dodge: Dodged            |    95 |    29 |   232 |   258 ||   614

Table legend: (Time is in decaauts)
 A = Elapsed time spent in this place.
 B = Non-inter-level travel time spent in this place.
 C = Inter-level travel time spent in this place.
 D = Time resting spent in this place.
 E = Time spent auto-exploring this place.
 F = Levels seen in this place.
 G = Mean time per level.
                   A        B        C        D        E       F      G
               +--------+--------+--------+--------+--------+-----+--------+
         Total |  17236 |  16507 |    729 |   6215 |   8203 |  13 | 1325.8 |
       Dungeon |  15171 |  14494 |    677 |   5173 |   7429 |  10 | 1517.1 |
        Temple |    342 |    329 |     13 |    261 |     58 |   1 |  342.0 |
          Lair |   1722 |   1684 |     38 |    779 |    716 |   2 |  861.0 |
               +--------+--------+--------+--------+--------+-----+--------+

Top non-repeatable levels by time:
     D:6: 2101 daAuts
     D:8: 1909 daAuts
    D:10: 1864 daAuts
     D:9: 1843 daAuts
     D:1: 1816 daAuts
     D:4: 1789 daAuts
  Lair:1: 1325 daAuts
     D:5: 1134 daAuts
     D:7: 972 daAuts
     D:2: 940 daAuts
     D:3: 801 daAuts
  Lair:2: 397 daAuts
  Temple: 342 daAuts
